 Dungeon Crawl Stone Soup version 0.29-a0-837-g174bc33265 (webtiles) character file.

Game seed: 4167295991230014432

26145 27snakeeyes612 the Grappler (level 12, -6/122 HPs)
             Began as a Troll Berserker on July 13, 2022.
             Was a High Priest of Trog.
             Mangled by a death yak (20 damage)
             ... on level 4 of the Lair of Beasts.
             The game lasted 00:14:21 (13091 turns).

27snakeeyes612 the Grappler (Troll Berserker)      Turns: 13091, Time: 00:14:22

Health: -6/122     AC: 12    Str: 38    XL:     12   Next: 95%
Magic:  11/11      EV: 16    Int:  3    God:    Trog [*****.]
Gold:   840        SH:  0    Dex:  9    Spells: 11/11 levels left

rFire   . . .      SeeInvis .     - Unarmed
rCold   . . .      Faith    .   (no shield)
rNeg    . . .      Spirit   .   y - +0 steam dragon scales
rPois   +          Reflect  .   U - +2 hat
rElec   .          Harm     .   T - +2 cloak {rPois}
rCorr   .          Rampage  .   (gloves unavailable)
Will    ++...                   (boots unavailable)
Stlth   +.........              p - amulet of regeneration
HPRegen 2.90/turn               d - +6 ring of strength
MPRegen 0.12/turn               F - +4 ring of evasion

@: strong-willed, regenerating
A: large, unfitting armour, claws 3, regeneration 1, shaggy fur 1, tough skin 1
a: Renounce Religion, Berserk, Trog's Hand, Brothers in Arms


You were on level 4 of the Lair of Beasts.
You worshipped Trog.
Trog was extremely pleased with you.
You visited 2 branches of the dungeon, and saw 17 of its levels.
You also visited: Bailey.

You collected 936 gold pieces.
You spent 96 gold pieces at shops.

Inventory:

Hand Weapons
 r - a +2 whip of electrocution
 w - a +0 giant spiked club of chaos
Missiles
 o - 72 stones
 J - 10 javelins
 N - 7 large rocks (quivered)
 P - a throwing net
Armour
 b - a +1 animal skin
 y - +0 steam dragon scales (worn)
 A - +0 acid dragon scales
 T - a +2 cloak of poison resistance (worn)
 U - a +2 hat (worn)
Jewellery
 a - an amulet of guardian spirit
 d - a +6 ring of strength (left claw)
 p - an amulet of regeneration (around neck)
 s - a +6 ring of dexterity
 D - a ring of flight
 F - a +4 ring of evasion (right claw)
 G - a +6 ring of intelligence
 O - a ring of poison resistance
 V - a ring of ice
Wands
 x - a wand of flame (19)
 E - a wand of iceblast (7)
 H - a wand of light (6)
 I - a wand of digging (4)
 Q - a wand of paralysis (13)
Scrolls
 c - 3 scrolls of noise
 e - 2 scrolls of poison
 q - 9 scrolls of teleportation
 u - 3 scrolls of fear
 L - 2 scrolls of fog
 M - a scroll of torment
 S - 2 scrolls of magic mapping
 W - 3 scrolls of identify
 X - a scroll of summoning {unknown}
Potions
 f - 3 potions of resistance
 g - a potion of berserk rage
 h - 2 potions of degeneration {unknown}
 i - 5 potions of brilliance
 j - 3 potions of lignification
 k - 6 potions of curing
 l - 2 potions of heal wounds
 m - 2 potions of cancellation {unknown}
 n - 2 potions of magic
 t - 2 potions of ambrosia {unknown}
 v - 4 potions of might {unknown}
 z - 4 potions of attraction {unknown}
 B - 3 potions of mutation {unknown}
 C - a potion of invisibility {unknown}
 K - 2 potions of flight {unknown}
 R - 3 potions of haste {unknown}


   Skills:
 + Level 8.8 Fighting
 + Level 9.6 Maces & Flails
 + Level 9.1 Throwing
 + Level 8.8 Dodging
 + Level 10.0 Unarmed Combat


You had 11 spell levels left.
You didn't know any spells.
Your spell library was empty.

Dungeon Overview and Level Annotations

Branches:
Dungeon (13/15)            Temple (0/1) D:4            Lair (4/6) D:8
  Swamp (0/4) Lair:3          Orc (0/2) D:9          Bailey (visited)
  Snake: Lair:2-4    Spider: Lair:2-4    Vaults: D:13-14

Altars:
Dithmenos
Hepliaklqana
Makhleb
Sif Muna
Trog
Zin
The Shining One

Shops:
D:9 *


Innate Abilities, Weirdness & Mutations

You are too large for most types of armour.
You have claws for hands.
Your natural rate of healing is unusually fast.
You are covered in fur. (AC +1)
You have tough skin. (AC +1)


Message History

You feel yourself speed up.
There is a stone staircase leading down here.
You climb downwards.
The death yak gores you! x2
There is a stone staircase leading up, spattered with blood here.
Your skin crawls.
You feel strong-willed.
The death yak gores you! x2; The death yak misses you.
You're still recovering from your berserk rage.
You scratch the death yak. You claw the death yak!
The death yak is lightly wounded.
The death yak gores you but does no damage.
The death yak closely misses you. The death yak barely misses you.
The death yak gores you!
You scratch the death yak. Your claw misses the death yak.
The death yak is lightly wounded.
The death yak misses you. The death yak completely misses you.
The death yak gores you! The death yak barely misses you.
You scratch the death yak.
The death yak is moderately wounded.
You claw the death yak!
The death yak is heavily wounded.
The death yak completely misses you. The death yak misses you.
The death yak gores you!!
The death yak gores you but does no damage.
You claw the death yak! Your claw misses the death yak.
The death yak is severely wounded.
You recover from your berserk rage.
The death yak gores you!
The death yak gores you but does no damage.
The death yak gores you!
* * * LOW HITPOINT WARNING * * *
The death yak gores you!
* * * LOW HITPOINT WARNING * * *
As you read the scroll of fear, it crumbles to dust.
You assume a fearsome visage.
The death yak resists with almost no effort. x2
The death yak looks frightened! x2; The death yak gores you.
* * * LOW HITPOINT WARNING * * *
The death yak gores you!!
You die...

8.. #..##
##..##...##
..........####
............P##
..............#
...............
...?...Y.......
.......@.Y.....
.......Y.......
.........Y.....
...............
...............
...............
...............
.............<.


You could see 4 death yaks.

Vanquished Creatures
  Josephine (D:12)
  A centaur warrior (D:12)
  2 two-headed ogres (D:11)
  Erica (D:8)
  2 death yaks (Lair:3)
  A bog body (Lair:3)
  Pikel (D:6)
  An ugly thing (D:12)
  2 cyclopes
  2 manticores (D:12)
  An oklob plant (Lair:3)
  Maurice (D:13)
  A black mamba (Lair:1)
  6 cane toads
  2 gargoyles
  An unseen horror (D:10)
  3 komodo dragons
  A kobold demonologist (D:9)
  An efreet (D:11)
  A rime drake (Lair:3)
  A troll (D:9)
  9 blink frogs (Lair:2)
  Prince Ribbit (D:8)
  A vampire (Bailey)
  A wyvern (D:5)
  6 wraiths
  15 yaks
  A shadow (D:10)
  A water elemental (D:12)
  3 basilisks
  5 steam dragons
  Menkaure (D:6)
  9 water moccasins
  2 acid dragons
  5 orc warriors
  An ice beast (D:7)
  4 black bears
  2 ogres (D:6)
  5 wolves (Lair:3)
  7 centaurs
  3 phantoms
  A kobold brigand (D:7)
  A lemure (D:6)
  9 bullfrogs
  A scorpion (D:6)
  6 wights
  A killer bee (D:7)
  7 wolf zombies (Bailey)
  3 howler monkeys
  6 electric eels
  6 vampire bats (Bailey)
  4 orc priests
  3 hounds (D:6)
  3 jellies
  6 iguanas
  10 orc wizards
  6 hell rats (Lair:3)
  The ghost of rlgrobin the Magician, a weakling TeHW of Makhleb (D:3)
  A mummy (D:5)
  Robin (D:3)
  8 adders
  8 gnolls
  2 shadow imps (D:7)
  A white imp (D:5)
  3 ufetubi
  2 worms
  6 dart slugs
  28 orcs
  3 ball pythons
  6 endoplasms
  2 giant cockroaches (D:1)
  13 goblins
  5 hobgoblins
  2 quokkas (D:2)
  5 bats
  2 frilled lizards (D:2)
  A hobgoblin zombie (D:5)
  9 kobolds
  A kobold zombie (D:5)
  24 orc zombies
  3 rats
  2 toadstools (D:1)
327 creatures vanquished.

Vanquished Creatures (collateral kills)
  Urug (D:10)
1 creature vanquished.

Vanquished Creatures (others)
  A hell rat (Lair:3)
  2 orcs (D:7)
  22 fungi (D:8)
  34 plants
  2 toadstools (D:1)
61 creatures vanquished.

Grand Total: 389 creatures vanquished

Notes
Turn   | Place    | Note
-------+----------+-------------------------------------------
     0 | D:1      | 27snakeeyes612 the Troll Berserker began the quest for the
                  | Orb.
     0 | D:1      | Reached XP level 1. HP: 22/22 MP: 0/0
   151 | D:1      | Reached XP level 2. HP: 29/29 MP: 1/1
   619 | D:2      | Reached skill level 1 in Unarmed Combat
   619 | D:2      | Reached XP level 3. HP: 26/36 MP: 2/2
   627 | D:2      | Reached skill level 1 in Throwing
   867 | D:2      | Reached XP level 4. HP: 44/44 MP: 3/3
   874 | D:2      | Identified the +1 chain mail "Meing" {Dex+4}
  1041 | D:2      | Reached ** piety under Trog
  1064 | D:2      | Found a faded altar of an unknown god.
  1171 | D:3      | Noticed Robin
  1184 | D:3      | Killed Robin
  1470 | D:3      | Reached XP level 5. HP: 40/53 MP: 4/4
  1501 | D:3      | Found a runed translucent door.
  1501 | D:3      | Noticed rlgrobin's ghost (weakling TeHW)
  1627 | D:3      | Reached skill level 2 in Unarmed Combat
  1768 | D:3      | Killed rlgrobin's ghost
  1971 | D:4      | Found a staircase to the Ecumenical Temple.
  1989 | D:4      | Reached XP level 6. HP: 45/61 MP: 5/5
  2666 | D:5      | Entered Level 5 of the Dungeon
  2823 | D:5      | Reached skill level 3 in Unarmed Combat
  2823 | D:5      | Reached XP level 7. HP: 53/67 MP: 6/6
  2968 | D:5      | Reached *** piety under Trog
  3369 | D:6      | Noticed a wyvern
  3380 | D:5      | Killed a wyvern
  3421 | D:6      | Reached XP level 8. HP: 67/78 MP: 7/7
  3463 | D:6      | Reached skill level 4 in Unarmed Combat
  3617 | D:6      | Reached skill level 5 in Maces & Flails
  3622 | D:6      | Noticed Pikel
  3633 | D:6      | Killed Pikel
  3732 | D:6      | Found a glowing golden altar of the Shining One.
  3735 | D:6      | Found a hazy altar of Hepliaklqana.
  3767 | D:6      | Found a glowing silver altar of Zin.
  3777 | D:6      | Found a shadowy altar of Dithmenos.
  3801 | D:6      | Reached skill level 5 in Fighting
  3801 | D:6      | Reached skill level 5 in Dodging
  3801 | D:6      | Reached skill level 5 in Unarmed Combat
  3804 | D:6      | Reached XP level 9. HP: 56/88 MP: 8/8
  3804 | D:6      | Noticed Menkaure
  3812 | D:6      | Killed Menkaure
  3982 | D:6      | Found a bloodstained altar of Trog.
  4483 | D:7      | Reached **** piety under Trog
  4484 | D:7      | Reached skill level 5 in Throwing
  4881 | D:8      | Noticed Erica
  4911 | D:7      | Reached skill level 6 in Unarmed Combat
  4940 | D:8      | Killed Erica
  4941 | D:8      | Reached XP level 10. HP: 79/98 MP: 9/9
  4981 | D:8      | Found a staircase to the Lair.
  5146 | D:8      | Found a burning altar of Makhleb.
  5146 | D:8      | Noticed an Executioner
  5325 | D:8      | Noticed Prince Ribbit
  5339 | D:8      | Killed Prince Ribbit
  5722 | D:9      | Found Kores's General Store.
  5726 | D:9      | Bought a +0 hat for 64 gold pieces
  5726 | D:9      | Bought a scroll of identify for 32 gold pieces
  5734 | D:9      | Found a flagged portal.
  5798 | Bailey   | Entered a bailey
  5865 | Bailey   | Noticed a gargoyle
  5877 | Bailey   | Killed a gargoyle
  6069 | Bailey   | Reached skill level 7 in Unarmed Combat
  6103 | Bailey   | Identified the +0 chain mail of Gravity {rN+ SInv}
  6184 | Bailey   | Reached ***** piety under Trog
  6337 | D:9      | Found the +6 lightning scales {swift, rElec}
  6638 | D:9      | Found a staircase to the Orcish Mines.
  7157 | D:10     | Entered Level 10 of the Dungeon
  7435 | D:10     | Reached XP level 11. HP: 81/107 MP: 10/10
  7676 | D:10     | Noticed Urug
  7692 | D:10     | Killed Urug
  8766 | D:11     | Noticed a two-headed ogre
  8774 | D:11     | Killed a two-headed ogre
  8860 | D:11     | Reached skill level 8 in Unarmed Combat
  9150 | D:11     | Noticed a two-headed ogre
  9153 | D:11     | Killed a two-headed ogre
  9522 | D:12     | Found a shimmering blue altar of Sif Muna.
  9619 | D:12     | Noticed Josephine
  9786 | D:12     | Noticed a purple ugly thing
  9796 | D:12     | Killed a purple ugly thing
  9909 | D:12     | Killed Josephine
 10196 | D:13     | Noticed Maurice
 10199 | D:13     | Killed Maurice
 10241 | D:13     | Noticed a centaur warrior
 10373 | D:12     | Killed a centaur warrior
 10374 | D:12     | Reached XP level 12. HP: 88/119 MP: 11/11
 10539 | Lair:1   | Entered Level 1 of the Lair of Beasts
 10634 | Lair:1   | Reached skill level 9 in Unarmed Combat
 12740 | Lair:3   | Found a staircase to the Swamp.
 13040 | Lair:4   | Noticed a death yak
 13040 | Lair:4   | Noticed a death yak
 13041 | Lair:4   | Noticed a death yak
 13043 | Lair:4   | Noticed a death yak
 13044 | Lair:4   | Noticed a death yak
 13046 | Lair:4   | Noticed a death yak
 13054 | Lair:3   | Killed a death yak
 13058 | Lair:3   | Killed a death yak
 13059 | Lair:3   | Reached skill level 10 in Unarmed Combat
 13091 | Lair:4   | Mangled by a death yak

Illustrated notes

Levels and vault maps discovered:
D:1:      ldierk_water_garden, layout_basic, minmay_fountain_box,
          chequers_mini_garden
D:2:      layout_rooms, hellmonk_ecumenical_altar_arch_garden
D:3:      layout_basic, ebering_ghost_inner_flame, minmay_checkerbox, uniq_robin
D:4:      layout_cave_pods, minmay_temple_entry_arrows
D:5:      layout_loops_ring, minmay_mini_ossuary
D:6:      layout_basic, grunt_temple_overflow_cloverleaf, kennysheep_mini_moat,
          minmay_joined_circles, uniq_pikel, uniq_menkaure
D:7:      minmay_octagon_keep, layout_basic
D:8:      layout_cave_pools, makhleb_altar_promises_db,
          due_lair_maze_entry_diamond, serial_bayou, serial_bayou_pond_e,
          serial_bayou_crossing, serial_bayou_ford_a, serial_bayou_pond_e,
          uniq_prince_ribbit1, uniq_erica
D:9:      layout_basic, orc_0_dummy, serial_shops, shop_statue, enter_bailey_2,
          roderic_roman_lattice, serial_park_tiny_1
D:10:     layout_basic, serial_rivers, chequers_serial_rivers_large_a,
          chequers_serial_rivers_room_a, chequers_serial_rivers_micro_e,
          chequers_serial_rivers_small_a, chequers_serial_rivers_room_b,
          chequers_serial_rivers_micro_a, uniq_urug
D:11:     layout_rooms, grunt_ogre_cave
D:12:     layout_basic, dk_vineyard_1, nicolae_sif_muna_little_library,
          uniq_josephine
D:13:     layout_cave_pools, ebering_ghost_funeral_grove, enter_trove_2,
          nemelex_spade_bored_becter, uniq_maurice
Lair:1:   layout_hall_layers, grunt_forest_stairs_basic, serial_bayou_lake_a,
          serial_bayou_shore_b, grunt_megastairs_3
Lair:2:   layout_roguey
Lair:3:   layout_chaotic_city, skrybe_swamp_entry_bodies, lemuel_fruit_fields,
          grunt_megastairs_4
Lair:4:   nzn_motion_control, layout_hall_layers, dummy_snake_entry, st_stairs_6

Skill      XL: |  1  2  3  4  5  6  7  8  9 10 11 12 |
---------------+-------------------------------------+-----
Unarmed Combat | 1 2 3 5 6 7 8 10 | 10.0
Maces & Flails | 3 4 5 6 7 8 9 |  9.6
Throwing       | 1 2 3 4 5 6 8 9 |  9.1
Dodging        | 3 4 5 6 7 8 |  8.8
Fighting       | 3 4 5 6 7 8 |  8.8

Action                   |  1- 3 |  4- 6 |  7- 9 | 10-12 || total
-------------------------+-------+-------+-------+-------++-------
Melee: Unarmed           |   108 |   147 |   246 |   643 ||  1144
       Mace              |     4 |       |       |       ||     4
       Punch             |     1 |     1 |     6 |    34 ||    42
       Whip              |       |    16 |       |       ||    16
Throw: Throwing net      |       |       |     1 |       ||     1
       Stone             |       |       |    14 |     5 ||    19
       Large rock        |       |       |       |     9 ||     9
Invok: Berserk           |       |     2 |     2 |     5 ||     9
       Trog's Hand       |       |       |     3 |     2 ||     5
       Brothers in Arms  |       |       |       |     3 ||     3
  Use: Scroll            |       |       |    10 |    12 ||    22
       Potion            |       |       |       |     1 ||     1
 Stab: Sleeping          |       |     1 |       |     2 ||     3
Armor: Animal skin       |    54 |    41 |    36 |       ||   131
       Steam dragon scal |       |       |    24 |   230 ||   254
Dodge: Dodged            |    87 |    86 |   144 |   502 ||   819

Table legend: (Time is in decaauts)
 A = Elapsed time spent in this place.
 B = Non-inter-level travel time spent in this place.
 C = Inter-level travel time spent in this place.
 D = Time resting spent in this place.
 E = Time spent auto-exploring this place.
 F = Levels seen in this place.
 G = Mean time per level.
                   A        B        C        D        E       F      G
               +--------+--------+--------+--------+--------+-----+--------+
         Total |  13114 |  12385 |    729 |    869 |   9123 |  18 |  728.6 |
       Dungeon |  10034 |   9415 |    619 |    630 |   7003 |  13 |  771.8 |
          Lair |   2542 |   2433 |    109 |     55 |   1936 |   4 |  635.5 |
        Bailey |    537 |    537 |      0 |    184 |    183 |   1 |  537.0 |
               +--------+--------+--------+--------+--------+-----+--------+

Top non-repeatable levels by time:
    D:10: 1515 daAuts
     D:9: 1070 daAuts
    D:12: 1005 daAuts
  Lair:2: 887 daAuts
     D:4: 861 daAuts
  Lair:3: 845 daAuts
     D:6: 798 daAuts
  Lair:1: 795 daAuts
     D:5: 755 daAuts
     D:8: 723 daAuts
    D:11: 700 daAuts
     D:3: 674 daAuts
     D:7: 669 daAuts
     D:1: 629 daAuts
  Bailey: 537 daAuts
